NEW YORK Islanders vs EDMONTON Oilers

Created - 20 février 2024 at 18:11

Goals
1 2 3 OT1 T
NEW YORK Islanders 1 0 0 0 1
EDMONTON Oilers 1 0 0 1 2
Shots
1 2 3 OT1 T
NEW YORK Islanders 5 7 9 6 27
EDMONTON Oilers 8 12 4 2 26

1st period

1. EDMONTON Oilers , Nicolas Aube-Kubel 2 (Milan Lucic 2, Will Butcher 7) at 9:15
2. NEW YORK Islanders , Gustav Nyquist 6 (Logan Stanley 3, Ethan Bear 8) at 13:37

Penalties :
Alex Wennberg (EDM) for Holding Stick (Minor) at 0:55, Moritz Seider (EDM) for Tripping (Minor) at 3:47, Alexander Romanov (EDM) for Interference (Minor) at 4:04, Logan Stanley (NYI) for Tripping (Minor) at 6:19, Gustav Nyquist (NYI) for High sticking (Minor) at 10:44, Gustav Nyquist (NYI) for Tripping (Minor) at 17:39

2nd period

No Goal

Penalties :
Nicolas Aube-Kubel (EDM) for Hooking (Minor) at 6:09, Dylan Cozens (EDM) for Tripping (Minor) at 10:05, Braden Schneider (NYI) for Cross-checking (Minor) at 10:05, Ilya Lyubushkin (NYI) for Slashing (Minor) at 15:32

3rd period

No Goal

Penalties :
Pius Suter (NYI) for Roughing (Minor) at 14:22

Overtime #1

3. EDMONTON Oilers , Alex Wennberg 3 (Milan Lucic 3, Nikita Zaitsev 3) at 4:08

Penalties :
No Penalty

Goalie Stats

Ilya Sorokin (NYI), 24 saves from 26 shots - (0,923), OTL, 10-2-2, 64:09 minutes
Adin Hill (EDM), 26 saves from 27 shots - (0,963), W, 3-11-0, 64:09 minutes

Players Stats for NEW YORK Islanders

Player Name              G  A  P  +/- PIM S  H  SB GA TA FO     MP     PP MP  PK MP  
------------------------------------------------------------------------------------
Braden Schneider         0  0  0   0  2   2  0  0  0  0  0/0    20:03   2:40   4:28 
Dillon Dube              0  0  0  -1  0   1  1  0  0  0  14/28  20:46   3:10   0:24 
Erik Cernak              0  0  0   0  0   1  2  1  0  0  0/0    25:34   3:02   6:00 
Ethan Bear               0  1  1   0  0   0  1  2  0  0  0/0    17:18   2:40   0:00 
Gustav Nyquist           1  0  1   1  4   1  1  0  0  0  0/1    16:48   0:32   2:49 
Ilya Lyubushkin          0  0  0   0  2   0  1  1  0  0  0/0    17:57   0:32   3:21 
Jacob Trouba             0  0  0  -1  0   1  3  5  0  0  0/0    28:15   3:34   5:27 
Jesper Fast              0  0  0   0  0   0  1  1  0  0  0/1    12:30   0:17   3:21 
Kirby Dach               0  0  0   0  0   2  1  0  0  0  8/16   14:31   2:47   0:15 
Logan Stanley            0  1  1   0  2   2  1  1  0  0  0/0    14:59   0:00   0:34 
Lucas Raymond            0  0  0   1  0   3  3  0  0  0  2/3    16:56   3:27   0:00 
Michael McLeod           0  0  0   0  0   1  0  0  0  0  1/4     5:40   0:00   3:21 
Nikolaj Ehlers           0  0  0  -2  0   1  0  0  0  0  1/2    25:18   2:15   2:26 
Nino Niederreiter        0  0  0  -1  0   3  1  1  0  0  0/1    23:33   3:10   0:55 
Pius Suter               0  0  0   1  2   2  2  0  0  0  8/17   16:42   2:47   0:00 
Sean Kuraly              0  0  0  -1  0   5  1  0  0  0  11/20  11:59   0:17   6:19 
Victor Olofsson          0  0  0   0  0   2  0  0  0  0  0/0     9:19   0:00   0:00 
Zack Kassian             0  0  0   0  0   0  0  0  0  0  0/0     2:19   0:00   0:00 

Players Stats for EDMONTON Oilers

Player Name              G  A  P  +/- PIM S  H  SB GA TA FO     MP     PP MP  PK MP  
------------------------------------------------------------------------------------
Alex Wennberg            1  0  1   1  2   2  1  1  0  0  15/25  23:15   4:50   2:17 
Alexander Romanov        0  0  0  -1  2   1  2  0  0  0  0/0    24:48   5:42   2:38 
Denis Gurianov           0  0  0   0  0   1  0  0  0  0  1/3    10:35   0:00   0:20 
Drake Batherson          0  0  0  -1  0   2  0  0  0  0  1/3    19:48   4:39   0:00 
Dylan Cozens             0  0  0  -1  2   4  1  0  0  0  12/24  21:25   5:16   1:40 
Kent Johnson             0  0  0   0  0   0  2  0  0  0  3/6    13:03   5:05   0:00 
Kyle Palmieri            0  0  0   0  0   5  2  0  0  0  0/0    18:46   4:39   1:40 
Leo Komarov              0  0  0   1  0   0  0  0  0  0  5/6     9:56   0:00   0:00 
Michal Kempny            0  0  0   1  0   0  0  0  0  0  0/0    13:36   0:00   0:44 
Milan Lucic              0  2  2   2  0   1  0  0  0  0  0/0     8:13   0:00   0:00 
Moritz Seider            0  0  0  -1  2   0  2  3  0  0  0/0    24:48   5:42   2:39 
Nico Sturm               0  0  0   0  0   2  1  0  0  0  8/11    8:01   0:00   0:00 
Nicolas Aube-Kubel       1  0  1   1  2   3  1  0  0  0  0/1     7:35   0:00   0:00 
Nikita Zaitsev           0  1  1   1  0   0  4  4  0  0  0/0    25:44   4:13   2:51 
Owen Tippett             0  0  0  -1  0   4  6  0  0  0  3/11   25:04   5:16   3:58 
T.J. Oshie               0  0  0   0  0   0  4  0  0  0  0/3    12:39   0:00   0:51 
Tucker Poolman           0  0  0   0  0   1  1  2  0  0  0/0    21:37   4:13   0:36 
Will Butcher             0  1  1   1  0   0  0  1  0  0  0/0    13:34   0:00   2:59 

3 Stars

1 - Adin Hill (EDM)
2 - Milan Lucic (EDM)
3 - Nikita Zaitsev (EDM)

Power Play

NEW YORK Islanders - 0 on 4 Attempt(s) - 0,00%
EDMONTON Oilers - 0 on 5 Attempt(s) - 0,00%

Penalty Kill

NEW YORK Islanders - 5 on 5 Attempt(s) - 100,00% - Score 0 goal in Penalty Kill
EDMONTON Oilers - 4 on 4 Attempt(s) - 100,00% - Score 0 goal in Penalty Kill

Team Stat

NEW YORK Islanders - Hits : 19 - Faceoff Wins : 45 - Blocked Shots : 12 - Penalty Minutes : 12
EDMONTON Oilers - Hits : 27 - Faceoff Wins : 48 - Blocked Shots : 11 - Penalty Minutes : 10

Official

Referees : MacKenzie Welter and Chris Schlenker
Linesman : Derek Morris and Ben O'Quinn

Game Notes

No Game Note

Finance

Level 1 -- Attendance: 5100 (85,00%) -- Ticket Income $510,000
Level 2 -- Attendance: 5000 (100,00%) -- Ticket Income $275,000
Level 3 -- Attendance: 2478 (49,56%) -- Ticket Income $74,340
Level 4 -- Attendance: 4588 (91,76%) -- Ticket Income $82,584
Luxury Box -- Attendance: 962 (96,20%) -- Ticket Income $173,160
Game was played at the Rexall Place.
Total Attendance: 18128 (82,40%)
Total Ticket Income: $1,115,084
Other Income: $278,771
Total Income: $1,393,855

NEW YORK Islanders

5 vs 5 Forward 
   Center                   Left Wing                Right Wing               Time % Phy DF OF 
 1 Dillon Dube              Nino Niederreiter        Nikolaj Ehlers           40     1   2  2  
 2 Pius Suter               Lucas Raymond            Gustav Nyquist           30     1   2  2  
 3 Kirby Dach               Victor Olofsson          Jesper Fast              20     1   2  2  
 4 Michael McLeod           Sean Kuraly              Zack Kassian             10     1   2  2  

5 vs 5 Defense 
   Defense                  Defense                                           Time % Phy DF OF 
 1 Jacob Trouba             Erik Cernak                                       40     1   2  2  
 2 Ilya Lyubushkin          Braden Schneider                                  30     1   2  2  
 3 Logan Stanley            Ethan Bear                                        20     1   2  2  
 4 Erik Cernak              Jacob Trouba                                      10     1   2  2  

PowerPlay Forward 
   Center                   Left Wing                Right Wing               Time % Phy DF OF 
 1 Dillon Dube              Lucas Raymond            Nino Niederreiter        70     1   2  2  
 2 Pius Suter               Nikolaj Ehlers           Kirby Dach               30     1   2  2  

PowerPlay Defense
   Defense                  Defense                                           Time % Phy DF OF 
 1 Jacob Trouba             Erik Cernak                                       60     1   2  2  
 2 Ethan Bear               Braden Schneider                                  40     1   2  2  

Penalty Kill 4 Players Forward 
   Center                   Wing                     Time % Phy DF OF 
 1 Sean Kuraly              Gustav Nyquist           60     1   2  2  
 2 Michael McLeod           Jesper Fast              40     1   2  2  

Penalty Kill 4 Players Defense
   Defense                  Defense                  Time % Phy DF OF 
 1 Jacob Trouba             Erik Cernak              60     1   2  2  
 2 Braden Schneider         Ilya Lyubushkin          40     1   2  2  

Penalty Kill - 3 Players Forward 
   Forward                                           Time % Phy DF OF 
 1 Pius Suter                                        60     1   2  2  
 2 Sean Kuraly                                       40     1   2  2  

Penalty Kill - 3 Players Defense
   Defense                  Defense                  Time % Phy DF OF 
 1 Jacob Trouba             Erik Cernak              60     1   2  2  
 2 Ilya Lyubushkin          Logan Stanley            40     1   2  2  

4 vs 4 Forward 
   Center                   Wing                     Time % Phy DF OF 
 1 Kirby Dach               Nino Niederreiter        60     1   2  2  
 2 Pius Suter               Victor Olofsson          40     1   2  2  

4 vs 4 Defense
   Defense                  Defense                  Time % Phy DF OF 
 1 Jacob Trouba             Erik Cernak              60     1   2  2  
 2 Ilya Lyubushkin          Braden Schneider         40     1   2  2  

Last Minutes Offensive
   Center                   Left Wing                Right Wing               Defense                  Defense                  
   Dillon Dube              Nino Niederreiter        Nikolaj Ehlers           Jacob Trouba             Erik Cernak              

Last Minutes Defensive
   Center                   Left Wing                Right Wing               Defense                  Defense                  
   Pius Suter               Nino Niederreiter        Lucas Raymond            Jacob Trouba             Erik Cernak              

Goaltenders
Starting : Ilya Sorokin             
Backup : Anton Khudobin           

Extra Forwards
Normal : Nikolaj Ehlers, Kirby Dach, Lucas Raymond - PP : Nikolaj Ehlers, Kirby Dach - PK : Sean Kuraly
Extra Defensemen
Normal : Ethan Bear, Jacob Trouba, Braden Schneider - PP : Ethan Bear - PK : Erik Cernak, Logan Stanley
Penalty Shots
Nino Niederreiter, Lucas Raymond, Kirby Dach, Nikolaj Ehlers, Victor Olofsson

Scratches
Adam Ruzicka (Healthy), Brett Connolly (Healthy), Jay Beagle (Healthy)

EDMONTON Oilers

5 vs 5 Forward 
   Center                   Left Wing                Right Wing               Time % Phy DF OF 
 1 Dylan Cozens             Owen Tippett             Drake Batherson          35     1   1  3  
 2 Alex Wennberg            Kyle Palmieri            T.J. Oshie               28     1   1  3  
 3 Nico Sturm               Kent Johnson             Denis Gurianov           20     1   2  2  
 4 Leo Komarov              Milan Lucic              Nicolas Aube-Kubel       17     5   0  0  

5 vs 5 Defense 
   Defense                  Defense                                           Time % Phy DF OF 
 1 Moritz Seider            Alexander Romanov                                 46     1   2  2  
 2 Nikita Zaitsev           Tucker Poolman                                    34     1   2  2  
 3 Will Butcher             Michal Kempny                                     20     1   2  2  
 4 Moritz Seider            Alexander Romanov                                 0      1   2  2  

PowerPlay Forward 
   Center                   Left Wing                Right Wing               Time % Phy DF OF 
 1 Alex Wennberg            Dylan Cozens             Owen Tippett             60     1   2  2  
 2 Kent Johnson             Kyle Palmieri            Drake Batherson          40     1   2  2  

PowerPlay Defense
   Defense                  Defense                                           Time % Phy DF OF 
 1 Moritz Seider            Alexander Romanov                                 60     1   2  2  
 2 Nikita Zaitsev           Tucker Poolman                                    40     1   2  2  

Penalty Kill 4 Players Forward 
   Center                   Wing                     Time % Phy DF OF 
 1 Owen Tippett             Alex Wennberg            60     1   2  2  
 2 Dylan Cozens             Kyle Palmieri            40     1   2  2  

Penalty Kill 4 Players Defense
   Defense                  Defense                  Time % Phy DF OF 
 1 Moritz Seider            Alexander Romanov        60     1   2  2  
 2 Nikita Zaitsev           Will Butcher             40     1   2  2  

Penalty Kill - 3 Players Forward 
   Forward                                           Time % Phy DF OF 
 1 Owen Tippett                                      60     1   2  2  
 2 Alex Wennberg                                     40     1   2  2  

Penalty Kill - 3 Players Defense
   Defense                  Defense                  Time % Phy DF OF 
 1 Moritz Seider            Alexander Romanov        60     1   2  2  
 2 Nikita Zaitsev           Will Butcher             40     1   2  2  

4 vs 4 Forward 
   Center                   Wing                     Time % Phy DF OF 
 1 Owen Tippett             Alex Wennberg            60     1   2  2  
 2 Dylan Cozens             Kyle Palmieri            40     1   2  2  

4 vs 4 Defense
   Defense                  Defense                  Time % Phy DF OF 
 1 Moritz Seider            Alexander Romanov        60     1   2  2  
 2 Nikita Zaitsev           Tucker Poolman           40     1   2  2  

Last Minutes Offensive
   Center                   Left Wing                Right Wing               Defense                  Defense                  
   Alex Wennberg            Dylan Cozens             Owen Tippett             Moritz Seider            Alexander Romanov        

Last Minutes Defensive
   Center                   Left Wing                Right Wing               Defense                  Defense                  
   Alex Wennberg            Dylan Cozens             Owen Tippett             Moritz Seider            Alexander Romanov        

Goaltenders
Starting : Adin Hill                
Backup : Mikko Koskinen           

Extra Forwards
Normal : Alex Wennberg, Drake Batherson, T.J. Oshie - PP : Dylan Cozens, Kent Johnson - PK : T.J. Oshie
Extra Defensemen
Normal : Tucker Poolman, Will Butcher, Nikita Zaitsev - PP : Tucker Poolman - PK : Will Butcher, Nikita Zaitsev
Penalty Shots
Owen Tippett, Alex Wennberg, Dylan Cozens, Kyle Palmieri, Drake Batherson

Scratches
James Neal (Healthy)

% Time on Ice - NEW YORK Islanders

Lines # - Real PCT - Wanted PCT - Time Play
Normal Forward
1 - 41% - 40% - 17:12
2 - 32% - 30% - 13:29
3 - 21% - 20% - 8:52
4 - 6% - 10% - 2:19
Normal Defense
1 - 35% - 40% - 14:30
2 - 31% - 30% - 12:56
3 - 34% - 20% - 14:26
4 - 0% - 10% - 0:00
PP Forward
1 - 55% - 70% - 3:27
2 - 45% - 30% - 2:47
PP Defense
1 - 57% - 60% - 3:34
2 - 43% - 40% - 2:40
PK Forward
1 - 66% - 60% - 6:34
2 - 34% - 40% - 3:21
PK Defense
1 - 54% - 60% - 5:21
2 - 46% - 40% - 4:34
PK3 Forward
1 - 0% - 60%
2 - 0% - 40%
PK3 Defense
1 - 0% - 60%
2 - 0% - 40%
44 Forward
1 - 77% - 60% - 1:32
2 - 23% - 40% - 0:27
44 Defense
1 - 42% - 60% - 0:50
2 - 58% - 40% - 1:09
Last Minute Offensive  - 0:00
Last Minute Defensive  - 0:00
Total
Forward - 60:00
Defense - 60:00

% Time on Ice - EDMONTON Oilers

Lines # - Real PCT - Wanted PCT - Time Play
Normal Forward
1 - 35% - 35% - 14:30
2 - 28% - 28% - 11:48
3 - 19% - 20% - 7:58
4 - 18% - 17% - 7:36
Normal Defense
1 - 37% - 46% - 15:21
2 - 38% - 34% - 15:56
3 - 25% - 20% - 10:35
4 - 0% - 0% - 0:00
PP Forward
1 - 53% - 60% - 5:16
2 - 47% - 40% - 4:39
PP Defense
1 - 57% - 60% - 5:42
2 - 43% - 40% - 4:13
PK Forward
1 - 63% - 60% - 2:52
2 - 37% - 40% - 1:40
PK Defense
1 - 65% - 60% - 2:56
2 - 35% - 40% - 1:36
PK3 Forward
1 - 65% - 60% - 1:06
2 - 35% - 40% - 0:36
PK3 Defense
1 - 100% - 60% - 1:42
2 - 0% - 40% - 0:00
44 Forward
1 - 67% - 60% - 1:20
2 - 33% - 40% - 0:39
44 Defense
1 - 56% - 60% - 1:07
2 - 44% - 40% - 0:52
Last Minute Offensive  - 0:00
Last Minute Defensive  - 0:00
Total
Forward - 60:00
Defense - 60:00

Play-by-Play

1st period


0:01 of 1st period - Dylan Cozens wins face-off versus Dillon Dube in neutral zone.
0:08 of 1st period - Shot by Owen Tippett.
0:08 of 1st period - Shot Blocked by Nino Niederreiter.
0:18 of 1st period - Shot by Drake Batherson.
0:18 of 1st period - Shot Misses the Net.
0:20 of 1st period - Shot by Dylan Cozens.
0:20 of 1st period - Stopped by Ilya Sorokin without a rebound.
0:21 of 1st period - Alex Wennberg wins face-off versus Pius Suter in NEW YORK Islanders zone.
0:45 of 1st period - Tucker Poolman is hit by Pius Suter and loses puck.
0:55 of 1st period - Minor Penalty to Alex Wennberg for Holding Stick.
0:56 of 1st period - Dillon Dube wins face-off versus Owen Tippett in EDMONTON Oilers zone.
1:12 of 1st period - Icing by Nino Niederreiter.
1:13 of 1st period - Owen Tippett wins face-off versus Nino Niederreiter in NEW YORK Islanders zone.
1:13 of 1st period - Owen Tippett is hit by Erik Cernak.
1:33 of 1st period - Shot by Owen Tippett.
1:33 of 1st period - Shot Misses the Net.
1:35 of 1st period - Shot by Owen Tippett.
1:35 of 1st period - Shot Blocked by Jacob Trouba.
1:51 of 1st period - Shot by Owen Tippett.
1:51 of 1st period - Shot Blocked by Erik Cernak.
2:06 of 1st period - Icing by Jacob Trouba.
2:07 of 1st period - Dillon Dube wins face-off versus Dylan Cozens in NEW YORK Islanders zone.
2:58 of 1st period - Icing by Nicolas Aube-Kubel.
2:59 of 1st period - Leo Komarov wins face-off versus Michael McLeod in EDMONTON Oilers zone.
2:59 of 1st period - Leo Komarov is hit by Sean Kuraly.
3:26 of 1st period - Off-side.
3:27 of 1st period - Kirby Dach wins face-off versus Nico Sturm in neutral zone.
3:34 of 1st period - Shot by Victor Olofsson.
3:34 of 1st period - Stopped by Adin Hill without a rebound.
3:35 of 1st period - Dillon Dube wins face-off versus Dylan Cozens in EDMONTON Oilers zone.
3:35 of 1st period - Erik Cernak is hit by Alexander Romanov and loses puck.
3:38 of 1st period - Shot by Erik Cernak.
3:38 of 1st period - Stopped by Adin Hill with a rebound.
3:47 of 1st period - Minor Penalty to Moritz Seider for Tripping.
3:48 of 1st period - Owen Tippett wins face-off versus Nikolaj Ehlers in EDMONTON Oilers zone.
4:02 of 1st period - Pius Suter is hit by Alexander Romanov and loses puck.
4:04 of 1st period - Minor Penalty to Alexander Romanov for Interference.
4:05 of 1st period - Dillon Dube wins face-off versus Owen Tippett in EDMONTON Oilers zone.
4:06 of 1st period - Shot by Braden Schneider.
4:06 of 1st period - Stopped by Adin Hill without a rebound.
4:07 of 1st period - Dillon Dube wins face-off versus Owen Tippett in EDMONTON Oilers zone.
4:15 of 1st period - Icing by Ethan Bear.
4:16 of 1st period - Dillon Dube wins face-off versus Owen Tippett in NEW YORK Islanders zone.
4:16 of 1st period - Dillon Dube is hit by Owen Tippett.
4:22 of 1st period - Shot by Lucas Raymond.
4:22 of 1st period - Deflect By Nino Niederreiter.
4:22 of 1st period - Shot Blocked by Will Butcher.
6:19 of 1st period - Minor Penalty to Logan Stanley for Tripping.
6:20 of 1st period - Kent Johnson wins face-off versus Sean Kuraly in NEW YORK Islanders zone.
7:57 of 1st period - Ilya Lyubushkin is hit by Kyle Palmieri and loses puck.
8:32 of 1st period - Shot by Nino Niederreiter.
8:32 of 1st period - Shot Misses the Net.
8:42 of 1st period - Shot by Nicolas Aube-Kubel.
8:42 of 1st period - Stopped by Ilya Sorokin without a rebound.
8:43 of 1st period - Pius Suter wins face-off versus Alex Wennberg in NEW YORK Islanders zone.
8:43 of 1st period - Jacob Trouba is hit by T.J. Oshie and loses puck.
8:57 of 1st period - Shot by Lucas Raymond.
8:57 of 1st period - Stopped by Adin Hill without a rebound.
8:58 of 1st period - Leo Komarov wins face-off versus Dillon Dube in EDMONTON Oilers zone.
9:15 of 1st period - Shot by Nicolas Aube-Kubel.
9:15 of 1st period - Goal by Nicolas Aube-Kubel - NEW YORK Islanders : 0 - EDMONTON Oilers : 1.
9:16 of 1st period - Dylan Cozens wins face-off versus Kirby Dach in neutral zone.
9:25 of 1st period - Shot by Moritz Seider.
9:25 of 1st period - Shot Blocked by Jacob Trouba.
9:27 of 1st period - Shot by Owen Tippett.
9:27 of 1st period - Deflect By Dylan Cozens.
9:27 of 1st period - Stopped by Ilya Sorokin without a rebound.
9:28 of 1st period - Alex Wennberg wins face-off versus Dillon Dube in NEW YORK Islanders zone.
9:29 of 1st period - Shot by Kyle Palmieri.
9:29 of 1st period - Shot Misses the Net.
10:27 of 1st period - Icing by Erik Cernak.
10:28 of 1st period - Dylan Cozens wins face-off versus Dillon Dube in NEW YORK Islanders zone.
10:28 of 1st period - Drake Batherson is hit by Jacob Trouba and loses puck.
10:42 of 1st period - Icing by Moritz Seider.
10:43 of 1st period - Dylan Cozens wins face-off versus Pius Suter in EDMONTON Oilers zone.
10:43 of 1st period - Dylan Cozens is hit by Gustav Nyquist.
10:44 of 1st period - Minor Penalty to Gustav Nyquist for High sticking.
10:45 of 1st period - Sean Kuraly wins face-off versus Dylan Cozens in NEW YORK Islanders zone.
11:29 of 1st period - Jacob Trouba is hit by Owen Tippett.
11:42 of 1st period - Icing by Nikita Zaitsev.
11:43 of 1st period - Sean Kuraly wins face-off versus Kent Johnson in EDMONTON Oilers zone.
12:21 of 1st period - Shot by Drake Batherson.
12:21 of 1st period - Stopped by Ilya Sorokin with a rebound.
12:40 of 1st period - Icing by Alex Wennberg.
12:41 of 1st period - Alex Wennberg wins face-off versus Sean Kuraly in EDMONTON Oilers zone.
13:15 of 1st period - Icing by Logan Stanley.
13:16 of 1st period - Dylan Cozens wins face-off versus Pius Suter in NEW YORK Islanders zone.
13:33 of 1st period - Shot by Gustav Nyquist.
13:33 of 1st period - Shot Blocked by Moritz Seider.
13:35 of 1st period - Shot by Logan Stanley.
13:35 of 1st period - Shot Misses the Net.
13:37 of 1st period - Shot by Gustav Nyquist.
13:37 of 1st period - Goal by Gustav Nyquist - NEW YORK Islanders : 1 - EDMONTON Oilers : 1.
13:38 of 1st period - Nico Sturm wins face-off versus Dillon Dube in neutral zone.
13:53 of 1st period - Shot by Nikolaj Ehlers.
13:53 of 1st period - Shot Misses the Net.
13:55 of 1st period - Shot by Ilya Lyubushkin.
13:55 of 1st period - Shot Misses the Net.
14:49 of 1st period - Shot by Owen Tippett.
14:49 of 1st period - Stopped by Ilya Sorokin without a rebound.
14:50 of 1st period - Alex Wennberg wins face-off versus Pius Suter in NEW YORK Islanders zone.
14:51 of 1st period - Shot by Kyle Palmieri.
14:51 of 1st period - Shot Misses the Net.
14:53 of 1st period - Shot by Will Butcher.
14:53 of 1st period - Shot Misses the Net.
14:55 of 1st period - Shot by Alex Wennberg.
14:55 of 1st period - Deflect By Kyle Palmieri.
14:55 of 1st period - Shot Blocked by Logan Stanley.
15:22 of 1st period - Off-side.
15:23 of 1st period - Kirby Dach wins face-off versus Dylan Cozens in neutral zone.
15:23 of 1st period - Kirby Dach is hit by Owen Tippett.
16:14 of 1st period - Off-side.
16:15 of 1st period - Nikolaj Ehlers wins face-off versus Alex Wennberg in neutral zone.
16:15 of 1st period - Ilya Lyubushkin is hit by T.J. Oshie and loses puck.
16:38 of 1st period - Nikolaj Ehlers is hit by Nikita Zaitsev and loses puck.
17:29 of 1st period - Lucas Raymond is hit by Nikita Zaitsev and loses puck.
17:39 of 1st period - Minor Penalty to Gustav Nyquist for Tripping.
17:40 of 1st period - Sean Kuraly wins face-off versus Kent Johnson in NEW YORK Islanders zone.
17:40 of 1st period - Sean Kuraly is hit by Dylan Cozens.
17:47 of 1st period - Icing by Owen Tippett.
17:48 of 1st period - Sean Kuraly wins face-off versus Dylan Cozens in EDMONTON Oilers zone.
17:52 of 1st period - Icing by Alexander Romanov.
17:53 of 1st period - Kent Johnson wins face-off versus Sean Kuraly in EDMONTON Oilers zone.
17:58 of 1st period - Erik Cernak is hit by Owen Tippett and loses puck.
18:05 of 1st period - Shot by Owen Tippett.
18:05 of 1st period - Stopped by Ilya Sorokin without a rebound.
18:06 of 1st period - Alex Wennberg wins face-off versus Sean Kuraly in NEW YORK Islanders zone.
18:13 of 1st period - Shot by Alexander Romanov.
18:13 of 1st period - Shot Misses the Net.
18:15 of 1st period - Shot by Dylan Cozens.
18:15 of 1st period - Stopped by Ilya Sorokin without a rebound.
18:16 of 1st period - Sean Kuraly wins face-off versus Kent Johnson in NEW YORK Islanders zone.
19:52 of 1st period - Will Butcher is hit by Pius Suter and loses puck.
Goals for this period are 1 for NEW YORK Islanders vs 1 for EDMONTON Oilers.
Shots for this period are 5 for NEW YORK Islanders vs 8 for EDMONTON Oilers.

2nd period


0:01 of 2nd period - Dillon Dube wins face-off versus Dylan Cozens in neutral zone.
0:04 of 2nd period - Dylan Cozens is hit by Nino Niederreiter and loses puck.
1:06 of 2nd period - Shot by Gustav Nyquist.
1:06 of 2nd period - Shot Misses the Net.
1:14 of 2nd period - Shot by Pius Suter.
1:14 of 2nd period - Shot Blocked by Nikita Zaitsev.
1:16 of 2nd period - Shot by Lucas Raymond.
1:16 of 2nd period - Stopped by Adin Hill without a rebound.
1:17 of 2nd period - Kirby Dach wins face-off versus T.J. Oshie in EDMONTON Oilers zone.
1:32 of 2nd period - Jesper Fast is hit by Kyle Palmieri and loses puck.
1:45 of 2nd period - Icing by Kirby Dach.
1:46 of 2nd period - Nico Sturm wins face-off versus Kirby Dach in NEW YORK Islanders zone.
1:49 of 2nd period - Shot by Nico Sturm.
1:49 of 2nd period - Stopped by Ilya Sorokin without a rebound.
1:50 of 2nd period - Pius Suter wins face-off versus Drake Batherson in NEW YORK Islanders zone.
2:23 of 2nd period - Shot by Dylan Cozens.
2:23 of 2nd period - Stopped by Ilya Sorokin without a rebound.
2:24 of 2nd period - Nico Sturm wins face-off versus Dillon Dube in NEW YORK Islanders zone.
2:32 of 2nd period - Off-side.
2:33 of 2nd period - Dillon Dube wins face-off versus Nico Sturm in neutral zone.
2:37 of 2nd period - Erik Cernak is hit by Kent Johnson.
2:44 of 2nd period - Nino Niederreiter is hit by Tucker Poolman and loses puck.
3:11 of 2nd period - Shot by Nino Niederreiter.
3:11 of 2nd period - Deflect By Dillon Dube.
3:11 of 2nd period - Stopped by Adin Hill without a rebound.
3:12 of 2nd period - Dylan Cozens wins face-off versus Pius Suter in EDMONTON Oilers zone.
3:29 of 2nd period - Shot by Lucas Raymond.
3:29 of 2nd period - Shot Misses the Net.
3:31 of 2nd period - Shot by Pius Suter.
3:31 of 2nd period - Shot Misses the Net.
3:33 of 2nd period - Shot by Pius Suter.
3:33 of 2nd period - Shot Blocked by Moritz Seider.
3:37 of 2nd period - Shot by Pius Suter.
3:37 of 2nd period - Shot Blocked by Moritz Seider.
4:50 of 2nd period - Ethan Bear is hit by T.J. Oshie and loses puck.
5:30 of 2nd period - Shot by Nico Sturm.
5:30 of 2nd period - Shot Misses the Net.
5:32 of 2nd period - Shot by Nico Sturm.
5:32 of 2nd period - Shot Misses the Net.
5:53 of 2nd period - Shot by Dillon Dube.
5:53 of 2nd period - Shot Blocked by Tucker Poolman.
6:01 of 2nd period - Nino Niederreiter is hit by Nico Sturm and loses puck.
6:09 of 2nd period - Minor Penalty to Nicolas Aube-Kubel for Hooking.
6:10 of 2nd period - Owen Tippett wins face-off versus Sean Kuraly in EDMONTON Oilers zone.
6:26 of 2nd period - Shot by Braden Schneider.
6:26 of 2nd period - Stopped by Adin Hill without a rebound.
6:27 of 2nd period - Pius Suter wins face-off versus Owen Tippett in EDMONTON Oilers zone.
6:40 of 2nd period - Shot by Nikolaj Ehlers.
6:40 of 2nd period - Shot Misses the Net.
7:50 of 2nd period - Shot by Will Butcher.
7:50 of 2nd period - Shot Misses the Net.
8:02 of 2nd period - Shot by Jacob Trouba.
8:02 of 2nd period - Shot Blocked by Nikita Zaitsev.
8:25 of 2nd period - Icing by Will Butcher.
8:26 of 2nd period - Leo Komarov wins face-off versus Michael McLeod in EDMONTON Oilers zone.
8:37 of 2nd period - Off-side.
8:38 of 2nd period - Denis Gurianov wins face-off versus Dillon Dube in neutral zone.
8:56 of 2nd period - Shot by Nico Sturm.
8:56 of 2nd period - Shot Blocked by Ethan Bear.
9:14 of 2nd period - Shot by Nino Niederreiter.
9:14 of 2nd period - Shot Misses the Net.
9:36 of 2nd period - Icing by Tucker Poolman.
9:37 of 2nd period - Dylan Cozens wins face-off versus Gustav Nyquist in EDMONTON Oilers zone.
9:45 of 2nd period - Lucas Raymond is hit by Nikita Zaitsev and loses puck.
9:52 of 2nd period - Shot by Dylan Cozens.
9:52 of 2nd period - Shot Misses the Net.
10:00 of 2nd period - Shot by Owen Tippett.
10:00 of 2nd period - Shot Blocked by Ilya Lyubushkin.
10:05 of 2nd period - Minor Penalty to Dylan Cozens for Tripping.
10:05 of 2nd period - Minor Penalty to Braden Schneider for Cross-checking.
10:06 of 2nd period - Kirby Dach wins face-off versus Owen Tippett in NEW YORK Islanders zone.
10:20 of 2nd period - Kirby Dach is hit by Owen Tippett and loses puck.
10:31 of 2nd period - Shot by Alex Wennberg.
10:31 of 2nd period - Shot Misses the Net.
10:33 of 2nd period - Shot by Owen Tippett.
10:33 of 2nd period - Stopped by Ilya Sorokin without a rebound.
10:34 of 2nd period - Kirby Dach wins face-off versus Owen Tippett in NEW YORK Islanders zone.
11:10 of 2nd period - Nikita Zaitsev is hit by Kirby Dach and loses puck.
11:42 of 2nd period - Shot by Drake Batherson.
11:42 of 2nd period - Stopped by Ilya Sorokin without a rebound.
11:43 of 2nd period - Drake Batherson wins face-off versus Kirby Dach in NEW YORK Islanders zone.
12:22 of 2nd period - Shot by Nicolas Aube-Kubel.
12:22 of 2nd period - Shot Misses the Net.
12:24 of 2nd period - Shot by Michal Kempny.
12:24 of 2nd period - Shot Misses the Net.
12:26 of 2nd period - Shot by Leo Komarov.
12:26 of 2nd period - Shot Misses the Net.
12:28 of 2nd period - Shot by Michal Kempny.
12:28 of 2nd period - Shot Misses the Net.
12:30 of 2nd period - Shot by Nicolas Aube-Kubel.
12:30 of 2nd period - Shot Misses the Net.
12:32 of 2nd period - Shot by Nicolas Aube-Kubel.
12:32 of 2nd period - Stopped by Ilya Sorokin without a rebound.
12:33 of 2nd period - Nico Sturm wins face-off versus Pius Suter in NEW YORK Islanders zone.
12:46 of 2nd period - Shot by Lucas Raymond.
12:46 of 2nd period - Deflect By Pius Suter.
12:46 of 2nd period - Shot Misses the Net.
13:06 of 2nd period - Shot by Pius Suter.
13:06 of 2nd period - Shot Misses the Net.
13:09 of 2nd period - Icing by Nico Sturm.
13:10 of 2nd period - Nico Sturm wins face-off versus Dillon Dube in EDMONTON Oilers zone.
13:10 of 2nd period - Nico Sturm is hit by Dillon Dube.
13:21 of 2nd period - Shot by Dillon Dube.
13:21 of 2nd period - Shot Misses the Net.
13:23 of 2nd period - Shot by Nikolaj Ehlers.
13:23 of 2nd period - Stopped by Adin Hill without a rebound.
13:24 of 2nd period - Dylan Cozens wins face-off versus Kirby Dach in EDMONTON Oilers zone.
14:03 of 2nd period - Shot by Logan Stanley.
14:03 of 2nd period - Stopped by Adin Hill with a rebound.
14:06 of 2nd period - Icing by Alexander Romanov.
14:07 of 2nd period - Dylan Cozens wins face-off versus Dillon Dube in EDMONTON Oilers zone.
14:11 of 2nd period - Icing by Alexander Romanov.
14:12 of 2nd period - Dillon Dube wins face-off versus Dylan Cozens in EDMONTON Oilers zone.
14:15 of 2nd period - Shot by Nikolaj Ehlers.
14:15 of 2nd period - Deflect By Nino Niederreiter.
14:15 of 2nd period - Stopped by Adin Hill with a rebound.
14:47 of 2nd period - Shot by Kyle Palmieri.
14:47 of 2nd period - Stopped by Ilya Sorokin with a rebound.
14:53 of 2nd period - Shot by Kyle Palmieri.
14:53 of 2nd period - Stopped by Ilya Sorokin without a rebound.
14:54 of 2nd period - Pius Suter wins face-off versus Leo Komarov in NEW YORK Islanders zone.
15:02 of 2nd period - Off-side.
15:03 of 2nd period - Pius Suter wins face-off versus T.J. Oshie in neutral zone.
15:03 of 2nd period - Pius Suter is hit by T.J. Oshie.
15:06 of 2nd period - Braden Schneider is hit by Nikita Zaitsev and loses puck.
15:12 of 2nd period - Nikita Zaitsev is hit by Lucas Raymond and loses puck.
15:22 of 2nd period - Kyle Palmieri is hit by Ilya Lyubushkin and loses puck.
15:32 of 2nd period - Minor Penalty to Ilya Lyubushkin for Slashing.
15:33 of 2nd period - Sean Kuraly wins face-off versus Dylan Cozens in NEW YORK Islanders zone.
15:59 of 2nd period - Shot by Alexander Romanov.
15:59 of 2nd period - Stopped by Ilya Sorokin without a rebound.
16:00 of 2nd period - Kent Johnson wins face-off versus Michael McLeod in NEW YORK Islanders zone.
16:17 of 2nd period - Shot by Tucker Poolman.
16:17 of 2nd period - Stopped by Ilya Sorokin without a rebound.
16:18 of 2nd period - Sean Kuraly wins face-off versus Alex Wennberg in NEW YORK Islanders zone.
17:32 of 2nd period - Shot by Kyle Palmieri.
17:32 of 2nd period - Stopped by Ilya Sorokin with a rebound.
17:34 of 2nd period - Shot by Nicolas Aube-Kubel.
17:34 of 2nd period - Shot Misses the Net.
17:46 of 2nd period - Shot by Milan Lucic.
17:46 of 2nd period - Stopped by Ilya Sorokin without a rebound.
17:47 of 2nd period - Nico Sturm wins face-off versus Jesper Fast in NEW YORK Islanders zone.
18:02 of 2nd period - Kent Johnson is hit by Jesper Fast.
18:16 of 2nd period - Shot by Victor Olofsson.
18:16 of 2nd period - Stopped by Adin Hill without a rebound.
18:17 of 2nd period - Dillon Dube wins face-off versus Owen Tippett in EDMONTON Oilers zone.
18:36 of 2nd period - Shot by Nino Niederreiter.
18:36 of 2nd period - Shot Misses the Net.
18:54 of 2nd period - Shot by Owen Tippett.
18:54 of 2nd period - Stopped by Ilya Sorokin without a rebound.
18:55 of 2nd period - Alex Wennberg wins face-off versus Pius Suter in NEW YORK Islanders zone.
18:55 of 2nd period - Alex Wennberg is hit by Ethan Bear.
Goals for this period are 0 for NEW YORK Islanders vs 0 for EDMONTON Oilers.
Shots for this period are 7 for NEW YORK Islanders vs 12 for EDMONTON Oilers.

3rd period


0:01 of 3rd period - Dylan Cozens wins face-off versus Dillon Dube in neutral zone.
0:12 of 3rd period - Shot by Nino Niederreiter.
0:12 of 3rd period - Deflect By Nikolaj Ehlers.
0:12 of 3rd period - Shot Misses the Net.
0:26 of 3rd period - Shot by Drake Batherson.
0:26 of 3rd period - Shot Misses the Net.
0:28 of 3rd period - Shot by Dylan Cozens.
0:28 of 3rd period - Shot Hit the Post.
0:39 of 3rd period - Icing by Erik Cernak.
0:40 of 3rd period - Alex Wennberg wins face-off versus Dillon Dube in NEW YORK Islanders zone.
0:46 of 3rd period - Icing by Jacob Trouba.
0:47 of 3rd period - Dillon Dube wins face-off versus Alex Wennberg in NEW YORK Islanders zone.
0:55 of 3rd period - Icing by T.J. Oshie.
0:56 of 3rd period - Alex Wennberg wins face-off versus Pius Suter in EDMONTON Oilers zone.
1:19 of 3rd period - Shot by Kyle Palmieri.
1:19 of 3rd period - Stopped by Ilya Sorokin without a rebound.
1:20 of 3rd period - Kirby Dach wins face-off versus Dylan Cozens in NEW YORK Islanders zone.
1:20 of 3rd period - Kirby Dach is hit by Owen Tippett.
1:52 of 3rd period - Shot by Drake Batherson.
1:52 of 3rd period - Shot Misses the Net.
1:54 of 3rd period - Shot by Owen Tippett.
1:54 of 3rd period - Shot Misses the Net.
2:16 of 3rd period - Off-side.
2:17 of 3rd period - Dillon Dube wins face-off versus Alex Wennberg in neutral zone.
2:41 of 3rd period - Shot by Kyle Palmieri.
2:41 of 3rd period - Shot Misses the Net.
2:55 of 3rd period - Shot by Nino Niederreiter.
2:55 of 3rd period - Shot Blocked by Nikita Zaitsev.
2:57 of 3rd period - Shot by Dillon Dube.
2:57 of 3rd period - Shot Misses the Net.
3:50 of 3rd period - Shot by Lucas Raymond.
3:50 of 3rd period - Stopped by Adin Hill without a rebound.
3:51 of 3rd period - Kirby Dach wins face-off versus Dylan Cozens in EDMONTON Oilers zone.
3:52 of 3rd period - Shot by Jesper Fast.
3:52 of 3rd period - Shot Misses the Net.
4:05 of 3rd period - Shot by Dylan Cozens.
4:05 of 3rd period - Shot Blocked by Jesper Fast.
4:14 of 3rd period - Drake Batherson is hit by Logan Stanley and loses puck.
4:17 of 3rd period - Shot by Drake Batherson.
4:17 of 3rd period - Shot Misses the Net.
4:25 of 3rd period - Shot by Dylan Cozens.
4:25 of 3rd period - Deflect By Drake Batherson.
4:25 of 3rd period - Shot Hit the Post.
5:04 of 3rd period - Shot by Nico Sturm.
5:04 of 3rd period - Stopped by Ilya Sorokin without a rebound.
5:05 of 3rd period - Alex Wennberg wins face-off versus Pius Suter in NEW YORK Islanders zone.
5:20 of 3rd period - Shot by Alex Wennberg.
5:20 of 3rd period - Shot Misses the Net.
5:22 of 3rd period - Shot by Alex Wennberg.
5:22 of 3rd period - Stopped by Ilya Sorokin without a rebound.
5:23 of 3rd period - Leo Komarov wins face-off versus Dillon Dube in NEW YORK Islanders zone.
5:43 of 3rd period - Milan Lucic is hit by Erik Cernak and loses puck.
5:46 of 3rd period - Shot by Nikita Zaitsev.
5:46 of 3rd period - Shot Blocked by Jacob Trouba.
6:12 of 3rd period - Icing by Jacob Trouba.
6:13 of 3rd period - Dillon Dube wins face-off versus Drake Batherson in NEW YORK Islanders zone.
6:46 of 3rd period - Icing by Ilya Lyubushkin.
6:47 of 3rd period - Lucas Raymond wins face-off versus Alex Wennberg in NEW YORK Islanders zone.
6:58 of 3rd period - Shot by Pius Suter.
6:58 of 3rd period - Stopped by Adin Hill without a rebound.
6:59 of 3rd period - Michael McLeod wins face-off versus Denis Gurianov in EDMONTON Oilers zone.
7:08 of 3rd period - Shot by Sean Kuraly.
7:08 of 3rd period - Stopped by Adin Hill without a rebound.
7:09 of 3rd period - Dylan Cozens wins face-off versus Dillon Dube in EDMONTON Oilers zone.
7:28 of 3rd period - Shot by Drake Batherson.
7:28 of 3rd period - Shot Blocked by Jacob Trouba.
7:43 of 3rd period - Icing by Alexander Romanov.
7:44 of 3rd period - Pius Suter wins face-off versus Dylan Cozens in EDMONTON Oilers zone.
7:52 of 3rd period - Icing by Moritz Seider.
7:53 of 3rd period - Dylan Cozens wins face-off versus Lucas Raymond in EDMONTON Oilers zone.
8:59 of 3rd period - Shot by Nino Niederreiter.
8:59 of 3rd period - Stopped by Adin Hill with a rebound.
9:01 of 3rd period - Shot by Jacob Trouba.
9:01 of 3rd period - Stopped by Adin Hill without a rebound.
9:02 of 3rd period - Kirby Dach wins face-off versus T.J. Oshie in EDMONTON Oilers zone.
9:07 of 3rd period - Shot by Victor Olofsson.
9:07 of 3rd period - Shot Blocked by Nikita Zaitsev.
9:09 of 3rd period - Shot by Logan Stanley.
9:09 of 3rd period - Stopped by Adin Hill with a rebound.
9:11 of 3rd period - Shot by Kirby Dach.
9:11 of 3rd period - Stopped by Adin Hill without a rebound.
9:12 of 3rd period - Dillon Dube wins face-off versus Nico Sturm in EDMONTON Oilers zone.
10:10 of 3rd period - Shot by Pius Suter.
10:10 of 3rd period - Stopped by Adin Hill without a rebound.
10:11 of 3rd period - Alex Wennberg wins face-off versus Kirby Dach in EDMONTON Oilers zone.
10:18 of 3rd period - Shot by Kyle Palmieri.
10:18 of 3rd period - Stopped by Ilya Sorokin without a rebound.
10:19 of 3rd period - Pius Suter wins face-off versus Alex Wennberg in NEW YORK Islanders zone.
10:46 of 3rd period - Kyle Palmieri is hit by Lucas Raymond and loses puck.
11:48 of 3rd period - Moritz Seider is hit by Jacob Trouba and loses puck.
12:02 of 3rd period - Dylan Cozens is hit by Jacob Trouba and loses puck.
13:16 of 3rd period - Icing by Michal Kempny.
13:17 of 3rd period - Lucas Raymond wins face-off versus Nicolas Aube-Kubel in EDMONTON Oilers zone.
14:14 of 3rd period - Icing by Ilya Lyubushkin.
14:15 of 3rd period - Pius Suter wins face-off versus Dylan Cozens in NEW YORK Islanders zone.
14:22 of 3rd period - Minor Penalty to Pius Suter for Roughing.
14:23 of 3rd period - Sean Kuraly wins face-off versus Alex Wennberg in NEW YORK Islanders zone.
14:23 of 3rd period - Sean Kuraly is hit by Alex Wennberg.
15:00 of 3rd period - Shot by Dylan Cozens.
15:00 of 3rd period - Shot Misses the Net.
15:02 of 3rd period - Shot by Moritz Seider.
15:02 of 3rd period - Shot Misses the Net.
16:06 of 3rd period - Shot by Kirby Dach.
16:06 of 3rd period - Deflect By Gustav Nyquist.
16:06 of 3rd period - Shot Blocked by Tucker Poolman.
16:16 of 3rd period - Jesper Fast is hit by Kent Johnson and loses puck.
16:33 of 3rd period - Shot by Michal Kempny.
16:33 of 3rd period - Shot Blocked by Ethan Bear.
17:05 of 3rd period - Logan Stanley is hit by Nicolas Aube-Kubel and loses puck.
17:31 of 3rd period - Braden Schneider is hit by Moritz Seider and loses puck.
17:37 of 3rd period - Jesper Fast is hit by Moritz Seider.
18:58 of 3rd period - Nikita Zaitsev is hit by Lucas Raymond.
19:28 of 3rd period - Shot by Zack Kassian.
19:28 of 3rd period - Deflect By Michael McLeod.
19:28 of 3rd period - Stopped by Adin Hill without a rebound.
19:29 of 3rd period - Nico Sturm wins face-off versus Dillon Dube in EDMONTON Oilers zone.
Goals for this period are 0 for NEW YORK Islanders vs 0 for EDMONTON Oilers.
Shots for this period are 9 for NEW YORK Islanders vs 4 for EDMONTON Oilers.

Overtime #1


0:01 of 1st overtime period - Alex Wennberg wins face-off versus Sean Kuraly in neutral zone.
0:36 of 1st overtime period - Icing by Nikita Zaitsev.
0:37 of 1st overtime period - Alex Wennberg wins face-off versus Sean Kuraly in EDMONTON Oilers zone.
0:58 of 1st overtime period - Shot by Sean Kuraly.
0:58 of 1st overtime period - Shot Blocked by Alex Wennberg.
1:14 of 1st overtime period - Off-side.
1:15 of 1st overtime period - Nico Sturm wins face-off versus Kirby Dach in neutral zone.
1:17 of 1st overtime period - Off-side.
1:18 of 1st overtime period - Sean Kuraly wins face-off versus Alex Wennberg in neutral zone.
1:29 of 1st overtime period - Shot by Sean Kuraly.
1:29 of 1st overtime period - Stopped by Adin Hill without a rebound.
1:30 of 1st overtime period - Sean Kuraly wins face-off versus Denis Gurianov in EDMONTON Oilers zone.
1:35 of 1st overtime period - Shot by Nikolaj Ehlers.
1:35 of 1st overtime period - Shot Misses the Net.
1:37 of 1st overtime period - Shot by Sean Kuraly.
1:37 of 1st overtime period - Stopped by Adin Hill without a rebound.
1:38 of 1st overtime period - Sean Kuraly wins face-off versus Alex Wennberg in EDMONTON Oilers zone.
1:53 of 1st overtime period - Shot by Sean Kuraly.
1:53 of 1st overtime period - Stopped by Adin Hill without a rebound.
1:54 of 1st overtime period - Alex Wennberg wins face-off versus Kirby Dach in EDMONTON Oilers zone.
2:01 of 1st overtime period - Shot by Denis Gurianov.
2:01 of 1st overtime period - Stopped by Ilya Sorokin without a rebound.
2:02 of 1st overtime period - Alex Wennberg wins face-off versus Sean Kuraly in NEW YORK Islanders zone.
2:29 of 1st overtime period - Shot by Alex Wennberg.
2:29 of 1st overtime period - Shot Misses the Net.
2:34 of 1st overtime period - Off-side.
2:35 of 1st overtime period - Leo Komarov wins face-off versus Kirby Dach in neutral zone.
2:53 of 1st overtime period - Shot by Nino Niederreiter.
2:53 of 1st overtime period - Shot Misses the Net.
3:05 of 1st overtime period - Shot by Nino Niederreiter.
3:05 of 1st overtime period - Shot Misses the Net.
3:07 of 1st overtime period - Shot by Erik Cernak.
3:07 of 1st overtime period - Shot Misses the Net.
3:09 of 1st overtime period - Shot by Kirby Dach.
3:09 of 1st overtime period - Stopped by Adin Hill with a rebound.
3:11 of 1st overtime period - Shot by Nino Niederreiter.
3:11 of 1st overtime period - Stopped by Adin Hill with a rebound.
3:37 of 1st overtime period - Shot by Sean Kuraly.
3:37 of 1st overtime period - Stopped by Adin Hill without a rebound.
3:38 of 1st overtime period - Alex Wennberg wins face-off versus Sean Kuraly in EDMONTON Oilers zone.
4:04 of 1st overtime period - Shot by Alex Wennberg.
4:04 of 1st overtime period - Shot Misses the Net.
4:06 of 1st overtime period - Shot by Milan Lucic.
4:06 of 1st overtime period - Deflect By Alex Wennberg.
4:06 of 1st overtime period - Shot Blocked by Jacob Trouba.
4:08 of 1st overtime period - Shot by Alex Wennberg.
4:08 of 1st overtime period - Goal by Alex Wennberg - NEW YORK Islanders : 1 - EDMONTON Oilers : 2.
Goals for this period are 0 for NEW YORK Islanders vs 1 for EDMONTON Oilers.
Shots for this period are 6 for NEW YORK Islanders vs 2 for EDMONTON Oilers. Output by the SimonT Hockey Simulator (STHS) for Martin Benoit - Original Page W3C HTML5 Valid
Hockey Simulator - Hockey Simulation - Hockey Manager